 Dungeon Crawl Stone Soup version 0.29.1-13-g9f3cf754e1 (webtiles) character file.

Game seed: 10825440737294821339

1 ghostp the Magician (level 1, 15/15 HPs)
             Began as a Djinni Fire Elementalist on Jan 9, 2023.
             Quit the game on level 1 of the Dungeon on Jan 23, 2023.
             The game lasted 00:03:04 (257 turns).

ghostp the Magician (Djinni Fire Elementalist)       Turns: 257, Time: 00:03:04

Health: 15/15      AC:  2    Str:  7    XL:     1   Next: 22%
Gold:   4          EV: 12    Int: 16    God:
                   SH:  0    Dex: 13

rFire   + + .      SeeInvis .   a - +3 dagger (holy)
rCold   x . .      Faith    .   (no shield)
rNeg    . . .      Spirit   .   c - +0 robe
rPois   ∞          Reflect  .   (no helmet)
rElec   .          Harm     .   (no cloak)
rCorr   .          Rampage  .   (no gloves)
Will    .....                   (boots unavailable)
Stlth   ++........              (no amulet)
HPRegen 0.05/turn               (no ring)
MPRegen 0.00/turn               (no ring)

@: flying
A: sickness immunity, fire resistance 2, cold vulnerability 1, float, innate
caster, HP casting, extra vitality 1
a: no special abilities


You were on level 1 of the Dungeon.
You visited 1 branch of the dungeon, and saw 1 of its levels.

You collected 4 gold pieces.

Inventory:

Hand Weapons
 a - a +3 dagger of holy wrath (weapon)
Missiles
 b - 4 stones
Armour
 c - a +0 robe (worn)
Potions
 d - a potion of curing {unknown}


   Skills:
 + Level 2.1 Dodging
 + Level 1.5 Stealth
 + Level 2.4 Spellcasting


You couldn't memorise any spells.
You knew the following spells:

 Your Spells              Type           Power      Damage    Failure   Level
a - Foxfire               Conj/Fire      36%        2x1d5     7%          1
b - Scorch                Fire           18%        2d5       11%         2
c - Conjure Flame         Conj/Fire      9%         6-21      22%         3
d - Inner Flame           Hex/Fire       9%         N/A       22%         3
e - Flame Wave            Conj/Fire      9%         2d6       56%         4
Your spell library was empty.

Dungeon Overview and Level Annotations

Branches:
Dungeon (1/15)

Altars:


Innate Abilities, Weirdness & Mutations

You are immune to sickness and miasma.
You are immune to poison.
Your flesh is very heat resistant. (rF++)
You are vulnerable to cold. (rC-)
You float through the air rather than walking.
You learn spells naturally, not from books.
Your magical power is your life essence.
You have superior vitality. (+4 MHP)


Message History

Your +3 dagger of holy wrath softly glows with a divine radiance!
c - a +3 dagger of holy wrath (weapon)
Adjust (i)tems, (s)pells, or (a)bilities?
c - a +3 dagger of holy wrath (weapon)
Adjust to which letter? (? for menu, Esc to quit)
a - a +3 dagger of holy wrath (weapon);
c - a +0 robe (worn)
Found a white potion.
d - a white potion A quokka comes into view.
Found 8 gold pieces.
The quokka twitches its whiskers.
You hit the quokka.
The quokka is moderately wounded.
The quokka bites you.
Cast which spell? (? or * to list)
You conjure some foxfire!
The quokka bites you.
Your foxfire dissipates!
You closely miss the quokka.
The quokka is moderately wounded.
The quokka barely misses you.
The quokka bites you but does no damage.
You closely miss the quokka.
The quokka is moderately wounded.
The quokka closely misses you.
You closely miss the quokka.
The quokka is moderately wounded.
The quokka bites you.
You hit the quokka.
You kill the quokka!
You see here a quokka corpse.
HP restored.
You now have 4 gold pieces.
You reach down and open the door.
There is an open door here.
You see here a quokka corpse.
A bat comes into view.
The bat moves out of view.
Welcome back, ghostp the Djinni Fire Elementalist.
Press ? for a list of commands and other information.
Are you sure you want to abandon this character and quit the game? (Confirm with "yes".)

.......# ####..
#......# ####.....
#...... #....#...
#..... ####....##..
.... ##.......####
..#####.. #..##....#
........#####.#......#
..............†.#....#
....#...@#############
......#.## ....###.#
.$. ... .. ##.. . ...
.... ..


There were no monsters in sight!

Vanquished Creatures
  A quokka (D:1)
1 creature vanquished.

Notes
Turn   | Place    | Note
-------+----------+-------------------------------------------
     0 | D:1      | ghostp the Djinni Fire Elementalist began the quest for the
                  | Orb.
     0 | D:1      | ghostp set off with the following spells memorised:
                  | Foxfire, Scorch, Conjure Flame, Inner Flame, Flame Wave.
     0 | D:1      | Reached XP level 1. HP: 15/15 MP: 0/0
   257 | D:1      | Upgraded the game from 0.29.1-12-g30fa7ad0bf to
                  | 0.29.1-13-g9f3cf754e1
   257 | D:1      | Quit the game

Illustrated notes

Levels and vault maps discovered:
D:1:      dpeg_arrival_rooms_b, layout_rooms

Action                   || total
-------------------------++-------
Melee: Dagger            ||     5
 Cast: Foxfire           ||     1
Armor: Robe              ||     1
Dodge: Dodged            ||     2
